 Dungeon Crawl Stone Soup version 0.30-a0-1043-g60ff8d5f49 (webtiles) character file.

Game seed: 7463534912001691861

42965 cheesebisquit the Severer (level 13, -5/122 HPs)
             Began as a Minotaur Fighter on Apr 9, 2023.
             Was a High Priest of Kikubaaqudgha.
             Slain by a bone dragon (10 damage)
             ... on level 1 of the Abyss.
             The game lasted 00:54:20 (17407 turns).

cheesebisquit the Severer (Minotaur Fighter)       Turns: 17407, Time: 00:54:20

Health: -5/122     AC: 29    Str: 24    XL:     13   Next: 88%
Magic:  15/15      EV:  7    Int:  5    God:    Kikubaaqudgha [*****.]
Gold:   1405       SH:  0    Dex: 12    Spells: 6/16 levels left

rFire   . . .      SeeInvis .    i - +4 broad axe (freeze)
rCold   . . .      Faith    .    c - +0 buckler
rNeg    . . .      Spirit   .    A - +2 plate armour {Will+}
rPois   .          Reflect  .    (helmet restricted)
rElec   .          Rampage  .    q - +1 cloak
rCorr   .                        r - +1 pair of gloves
Will    ++...                    S - +1 pair of boots Stlth
                                 g - amulet of the acrobat
HPRegen 0.40/turn                D - +4 ring of protection
MPRegen 0.14/turn                N - ring of willpower

@: confused, mighty, ambrosia-drunk
A: horns 2, retaliatory headbutt
a: Renounce Religion, Unearth Wretches, Torment


You were on level 1 of the Abyss.
You worshipped Kikubaaqudgha.
Kikubaaqudgha was extremely pleased with you.
You visited 3 branches of the dungeon, and saw 17 of its levels.
You visited the Abyss 1 time.

You collected 1463 gold pieces.
You spent 58 gold pieces at shops.

Inventory:

Hand Weapons
 a - a +0 flail
 d - a +0 dire flail
 i - a +4 broad axe of freezing (weapon)
 M - a +1 battleaxe
Missiles
 h - 50 poisoned darts (quivered)
 k - 6 atropa-tipped darts
 E - 9 boomerangs
 H - 11 curare-tipped darts
 R - 12 large rocks
Armour
 c - a +0 buckler (worn)
 q - a +1 cloak (worn)
 r - a +1 pair of gloves (worn)
 A - a +2 plate armour of willpower (worn)
 S - a +1 pair of boots (worn)
Jewellery
 g - an amulet of the acrobat (around neck)
 s - a ring of ice
 B - a +6 ring of dexterity
 D - a +4 ring of protection (left hand)
 N - a ring of willpower (right hand)
 U - a +4 ring of protection
Wands
 u - a wand of digging (13)
 C - a wand of roots (6)
 F - a wand of polymorph (2)
 J - a wand of quicksilver (14)
 P - a wand of flame (27)
Scrolls
 l - a scroll of fog
 m - a scroll of silence
 n - a scroll of blinking
 p - 2 scrolls of fear
 w - 2 scrolls of noise
 y - 2 scrolls of amnesia
 G - a scroll of acquirement {unknown}
 I - 3 scrolls of immolation
 L - 3 scrolls of teleportation
 O - a scroll of magic mapping {unknown}
 Q - a scroll of poison
Potions
 b - a potion of flight
 e - 2 potions of ambrosia
 f - 2 potions of berserk rage
 j - a potion of mutation
 o - 4 potions of degeneration
 t - 2 potions of cancellation
 v - a potion of resistance
 x - 3 potions of brilliance
 z - a potion of attraction
 K - a potion of magic
 T - 3 potions of lignification
 V - 2 potions of curing


   Skills:
 + Level 13.4 Fighting
 * Level 17.2(17.3) Axes
 - Level 2.9(11.6) Maces & Flails
 + Level 13.4 Armour
 + Level 13.3 Shields
 + Level 2.4 Spellcasting
 + Level 2.7 Necromancy


You had 6 spell levels left.
You knew the following spells:

 Your Spells              Type           Power      Damage    Failure   Level
a - Kiss of Death         Conj/Necr      4%         2d5       94%         1
b - Necrotise             Necr           12%        1d4       80%         1
c - Cigotuvi's Dreadful   Necr/Pois/Air  2%         N/A       99%         2
d - Sublimation of Blood  Necr           3%         N/A       91%         2
e - Anguish               Hex/Necr       0%         N/A       100%        4

Your spell library contained the following spells:

 Spells                   Type           Power      Damage    Failure   Level
 Apportation              Tloc           0%         N/A       99%         1
 Foxfire                  Conj/Fire      0%         2x1d4     99%         1
 Summon Small Mammal      Summ           0%         N/A       99%         1
 Static Discharge         Conj/Air       0%         2-2/arc   100%        2
 Ignite Poison            Fire/Tmut/Pois 0%         N/A       100%        3
 Inner Flame              Hex/Fire       0%         N/A       100%        3
 Airstrike                Air            0%         2d(0-16)  100%        4
 Flame Wave               Conj/Fire      0%         2d4       100%        4
 Sticky Flame             Conj/Fire      0%         2d3       100%        4
 Summon Lightning Spire   Summ/Air       0%         N/A       100%        4
 Borgnjor's Vile Clutch   Necr/Erth      0%         N/A       100%        5
 Fireball                 Conj/Fire      0%         3d3       100%        5
 Death Channel            Necr           1%         N/A       100%        6
 Plasma Beam              Fire/Air       0%         2x1d11    100%        6
 Simulacrum               Ice/Necr       0%         N/A       100%        6
 Starburst                Conj/Fire      0%         6d3       100%        6
 Ignition                 Fire           0%         3d3       100%        8


Dungeon Overview and Level Annotations

Branches:
Dungeon (13/15)            Temple (1/1) D:7            Lair (3/5) D:9
 Shoals (0/4) Lair:2          Orc (0/2) D:12
  Snake: Lair:2-3    Spider: Lair:2-3    Vaults: D:13-14

Altars:
Ashenzari
Cheibriados
Dithmenos
Elyvilon
Fedhas
Gozag
Hepliaklqana
Kikubaaqudgha
Makhleb
Nemelex Xobeh
Okawaru
Qazlal
Ru
Sif Muna
Trog
Uskayaw
Vehumet
Wu Jian
Xom
Yredelemnul
Zin
The Shining One
Jiyva

Shops:
D:10 (   D:13 *

Portals:
Trove: D:13 (give +3 ice dragon scales)


Innate Abilities, Weirdness & Mutations

You have a pair of horns on your head.
You reflexively headbutt those who attack you in melee.


Message History

You are too injured to fight recklessly!
You are too injured to fight recklessly!
You are too injured to fight recklessly!
You are too injured to fight recklessly!
You hit the large abomination. You freeze the large abomination.
You headbutt the large abomination, but do no damage.
The large abomination is lightly damaged.
You hit the bone dragon but do no damage.
The large abomination hits you.
The bone dragon bites you but does no damage.
The bone dragon claws you. You block the bone dragon's attack.
You hit the large abomination but do no damage.
The large abomination is lightly damaged.
You slash the bone dragon! You freeze the bone dragon.
The large abomination hits you!!
* * * LOW HITPOINT WARNING * * *
The bone dragon bites you but does no damage.
The bone dragon claws you but does no damage.
The bone dragon tramples you but does no damage.
You feel much better. The large abomination hits you!!
* * * LOW HITPOINT WARNING * * *
The bone dragon completely misses you. The bone dragon closely misses you.
You block the bone dragon's attack.
You feel very mighty all of a sudden. You block the bone dragon's attack.
The bone dragon claws you but does no damage.
The bone dragon tramples you but does no damage.
The large abomination hits you!
* * * LOW HITPOINT WARNING * * *
You are confused.
You feel invigorated. The bone dragon bites you!
* * * LOW HITPOINT WARNING * * *
The bone dragon claws you but does no damage.
The bone dragon tramples you but does no damage.
The large abomination hits you but does no damage.
You bump into the crystal wall.
The bone dragon bites you but does no damage.
The bone dragon claws you!
You die...
Kikubaaqudgha rasps: "You have failed me!
Welcome... death!"

.# . ..# # .
#.##..# # #.##.#
. .# . # #.. .
### . . # # ....
# ## . #. # #.##.
#. ### ...###
#.##...
#.....###....#..#
#.# .#.#...## . .
##...#.@X...# .#
. .#.D..#..# .
### #.##.# # .
#.#.# ..# . ##.##
... .# .#.## ..
###. .. .. ##


You could see a bone dragon and a large abomination.

Vanquished Creatures
  A tentacled starspawn (Abyss:1)
  A hydra (Lair:1)
  A rakshasa (Abyss:1)
  2 centaur warriors (D:13)
  A catoblepas (D:13)
  The ghost of kougar the Cleaver, a novice HOFi of Beogh (D:10)
  A boulder beetle (D:11)
  2 two-headed ogres
  A thrashing horror (Abyss:1)
  A sun demon (Abyss:1)
  Sonja (D:13)
  Lodul (D:10)
  A deep elf pyromancer (D:12)
  A cyclops (shapeshifter) (Abyss:1)
  5 cyclopes
  3 manticores
  2 ugly things
  6 cane toads
  2 merfolk sirens (Lair:2)
  2 gargoyles (D:12)
  An orange demon (Abyss:1)
  Maggie (D:6)
  5 komodo dragons
  An ancient zyme (Abyss:1)
  A tengu conjurer (D:13)
  4 trolls
  5 raiju (Abyss:1)
  4 blink frogs (Lair:1)
  2 wraiths
  4 shadows
  2 vampires
  A ynoxinul (Abyss:1)
  4 basilisks
  3 wyverns
  75 yaks
  A naga (Lair:3)
  2 acid dragons
  7 water moccasins
  11 orc warriors
  2 ice beasts
  3 black bears
  10 ogres
  6 wolves (Lair:1)
  14 centaurs
  3 kobold brigands
  Blork the orc (D:5)
  9 bullfrogs
  6 scorpions
  8 earth elementals (D:13)
  9 wights
  7 killer bees
  An electric eel (Lair:2)
  5 small abominations (Abyss:1)
  A quasit (Abyss:1)
  3 hounds
  A gnoll bouda (D:7)
  7 orc priests
  5 jellies
  Jessica (D:3)
  2 sleepcaps
  An iron imp (Abyss:1)
  5 iguanas
  5 orc wizards
  3 gnolls (D:7)
  5 adders
  A river rat (Lair:1)
  A shadow imp (Abyss:1)
  2 white imps
  4 ufetubi
  A worm (D:2)
  5 dart slugs
  39 orcs
  5 endoplasms
  4 giant cockroaches
  8 goblins
  6 hobgoblins
  6 quokkas
  6 ball pythons
  3 bats
  12 frilled lizards
  23 kobolds
  3 rats
  2 starspawn tentacles (Abyss:1)
424 creatures vanquished.

Vanquished Creatures (others)
  A small abomination (Abyss:1)
  A bush (D:9)
  10 fungi
  50 plants
  2 starspawn tentacles (Abyss:1)
64 creatures vanquished.

Grand Total: 488 creatures vanquished

Notes
Turn   | Place    | Note
-------+----------+-------------------------------------------
     0 | D:1      | cheesebisquit the Minotaur Fighter began the quest for the
                  | Orb.
     0 | D:1      | Reached XP level 1. HP: 19/19 MP: 0/0
   117 | D:1      | Reached XP level 2. HP: 27/27 MP: 1/1
   783 | D:2      | Found a sacrificial altar of Ru.
  1182 | D:2      | Reached XP level 3. HP: 33/33 MP: 2/2
  1194 | D:2      | Reached skill level 1 in Axes
  1605 | D:3      | Noticed Jessica
  1610 | D:3      | Killed Jessica
  1611 | D:3      | Reached XP level 4. HP: 34/41 MP: 3/3
  1717 | D:3      | Identified the +9 dagger of Peut {flame, rF+ Str+3 Int+6}
  2224 | D:4      | Noticed an ogre
  2230 | D:4      | Killed an ogre
  2231 | D:4      | Reached skill level 2 in Axes
  2231 | D:4      | Reached XP level 5. HP: 37/47 MP: 4/4
  2320 | D:4      | Reached skill level 5 in Fighting
  2320 | D:4      | Reached skill level 5 in Armour
  2653 | D:4      | Reached skill level 3 in Axes
  2653 | D:4      | Reached skill level 5 in Shields
  2660 | D:4      | Reached XP level 6. HP: 53/56 MP: 5/5
  3021 | D:4      | Found a bloodstained altar of Trog.
  3021 | D:4      | Found a shimmering altar of Xom.
  3389 | D:5      | Entered Level 5 of the Dungeon
  3493 | D:5      | Found a snail-covered altar of Cheibriados.
  3560 | D:5      | Noticed Blork the orc
  3569 | D:5      | Killed Blork the orc
  3596 | D:5      | Reached skill level 4 in Axes
  3596 | D:5      | Reached XP level 7. HP: 36/62 MP: 6/6
  3949 | D:5      | Reached skill level 5 in Axes
  4613 | D:5      | Reached XP level 8. HP: 71/71 MP: 7/7
  4836 | D:6      | Reached skill level 6 in Axes
  5016 | D:6      | Noticed Maggie
  5022 | D:6      | Killed Maggie
  5023 | D:6      | Reached skill level 7 in Axes
  5279 | D:6      | Found a sparkling altar of Nemelex Xobeh.
  5557 | D:7      | Reached XP level 9. HP: 71/79 MP: 8/8
  5561 | D:7      | Reached skill level 8 in Axes
  5710 | D:7      | Found a staircase to the Ecumenical Temple.
  5728 | Temple   | Entered the Ecumenical Temple
  5793 | Temple   | Became a worshipper of Kikubaaqudgha
  6304 | D:8      | Found a viscous altar of Jiyva.
  6375 | D:8      | Found a hazy altar of Hepliaklqana.
  6538 | D:8      | Reached skill level 9 in Axes
  7111 | D:8      | Found a basalt altar of Yredelemnul.
  7436 | D:9      | Noticed a two-headed ogre
  7441 | D:9      | Killed a two-headed ogre
  7442 | D:9      | Reached skill level 10 in Axes
  7442 | D:9      | Reached XP level 10. HP: 51/90 MP: 9/9
  7723 | D:9      | Reached * piety under Kikubaaqudgha
  7723 | D:9      | Received a gift from Kikubaaqudgha
  7812 | D:9      | Reached skill level 11 in Axes
  8070 | D:9      | Found a staircase to the Lair.
  8325 | D:9      | Reached skill level 10 in Fighting
  8327 | D:9      | Reached skill level 12 in Axes
  8589 | D:9      | Reached ** piety under Kikubaaqudgha
  8597 | D:9      | Reached skill level 10 in Shields
  8748 | D:10     | Entered Level 10 of the Dungeon
  8748 | D:10     | Noticed Lodul
  8753 | D:10     | Reached skill level 10 in Armour
  8757 | D:10     | Reached XP level 11. HP: 58/99 MP: 10/10
  8763 | D:10     | Killed Lodul
  9140 | D:10     | Found Meustum's Antique Weapon Boutique.
  9295 | D:10     | Found a runed translucent gate.
  9296 | D:10     | Found a runed translucent gate.
  9297 | D:10     | Found a runed translucent gate.
  9332 | D:10     | Noticed kougar's ghost (novice HOFi)
  9346 | D:10     | Identified the +3 acid dragon scales of the Gloaming {rElec
                  | rCorr MP+9 Dex-4}
  9770 | D:11     | Noticed a boulder beetle
  9796 | D:11     | Killed a boulder beetle
  9797 | D:11     | Reached skill level 13 in Axes
 10268 | D:11     | Noticed a two-headed ogre
 10276 | D:11     | Killed a two-headed ogre
 10987 | D:12     | Noticed a green ugly thing
 10991 | D:12     | Reached skill level 14 in Axes
 10995 | D:12     | Killed a green ugly thing
 11051 | D:12     | Reached XP level 12. HP: 68/110 MP: 11/11
 11061 | D:12     | Reached *** piety under Kikubaaqudgha
 11061 | D:12     | Received a gift from Kikubaaqudgha
 11491 | D:12     | Found a staircase to the Orcish Mines.
 11556 | D:12     | Found the +6 arbalest "Damnation" {damnation}
 12069 | D:13     | Noticed a centaur warrior
 12075 | D:13     | Killed a centaur warrior
 12076 | D:13     | Reached skill level 15 in Axes
 12093 | D:13     | Noticed a centaur warrior
 12101 | D:13     | Killed a centaur warrior
 12333 | D:13     | Reached **** piety under Kikubaaqudgha
 12444 | D:13     | Noticed a catoblepas
 12470 | D:13     | Killed a catoblepas
 12991 | D:13     | Noticed Sonja
 13019 | D:13     | Killed Sonja
 13193 | D:13     | Found a portal to a secret trove of treasure.
 13287 | D:13     | Found Giasihy's Elemental Accessories.
 13299 | D:13     | Bought a wand of flame (6) for 58 gold pieces
 13506 | D:10     | Killed kougar's ghost
 13507 | D:10     | Reached skill level 16 in Axes
 13613 | D:10     | Learned a level 1 spell: Kiss of Death
 13615 | D:10     | Learned a level 1 spell: Necrotise
 13618 | D:10     | Learned a level 2 spell: Cigotuvi's Dreadful Rot
 13621 | D:10     | Learned a level 2 spell: Sublimation of Blood
 13626 | D:10     | Learned a level 4 spell: Anguish
 13726 | Lair:1   | Entered Level 1 of the Lair of Beasts
 13760 | Lair:1   | Noticed a six-headed hydra
 13771 | Lair:1   | Killed a six-headed hydra
 13772 | Lair:1   | Reached XP level 13. HP: 62/93 MP: 12/12
 14262 | Lair:1   | Reached skill level 1 in Necromancy
 14358 | Lair:1   | Reached skill level 1 in Spellcasting
 14830 | Lair:1   | Reached ***** piety under Kikubaaqudgha
 16158 | Lair:2   | Found a staircase to the Shoals.
 16703 | Abyss:1  | Found a corrupted altar of Lugonu.
 16703 | Abyss:1  | Cast into level 1 of the Abyss (naga)
 16710 | Abyss:1  | Noticed a tentacled starspawn
 17026 | Abyss:1  | Reached skill level 17 in Axes
 17147 | Abyss:1  | Noticed a tentacled starspawn
 17160 | Abyss:1  | Killed a tentacled starspawn
 17389 | Abyss:1  | Noticed a bone dragon
 17406 | Abyss:1  | HP: 2/122 [bone dragon (17)]
 17407 | Abyss:1  | Slain by a bone dragon

Illustrated notes

Levels and vault maps discovered:
D:1:      noname_arrival_rooms_in_the_neighbourhood, layout_basic,
          serial_bayou_lake_a
D:2:      layout_loops_corners, basic_altar, hex_tiny
D:3:      layout_rooms, kennysheep_generic_room_16, uniq_jessica
D:4:      layout_loops_cross, gammafunk_temple_overflow_elements,
          minmay_lizard_king
D:5:      layout_loops_ring, lemuel_tele_altar, uniq_blork_the_orc
D:6:      layout_loops_cross, kennysheep_mini_moat, corexii_checkpoint_a,
          serial_park_tiny_2, uniq_maggie
D:7:      layout_rooms, temple_fountains
D:8:      layout_basic, mainiacjoe_overflow_catwalk_spiral, serial_corexii_hall,
          corexii_hall_statues_i, corexii_hall_statues_t, jiyva_altar_1
D:9:      layout_roguey, minmay_lair_entry_grove
D:10:     layout_basic, biasface_ghost_orc_armoury, serial_shops, shop,
          uniq_lodul
D:11:     layout_loops_ring
D:12:     layout_cave_pools, david_orc_5
D:13:     layout_loops_ring, nicolae_trove_entry_crystal,
          minmay_misc_feat_nine_boxes, nicolae_elemental_shop,
          hangedman_cracks_in_the_wall, uniq_sonja
Temple:   nicolae_temple_x_marks_the_god
Lair:1:   layout_roguey, pond
Lair:2:   layout_layer_cave, elwin_shoals_entry_rooms
Lair:3:   layout_hall_layers, minmay_snake_entry_guardpost_small,
          grunt_megastairs_3
Abyss:1:  base: D:15, evilmike_abyss_exit_13

Skill      XL: |  1  2  3  4  5  6  7  8  9 10 11 12 13 |
---------------+----------------------------------------+-----
Fighting       | 4 5 6 7 8 10 11 12 13 | 13.4
Armour         | 4 5 6 7 8 10 11 12 13 | 13.4
Shields        | 4 5 6 7 8 10 11 12 13 | 13.3
Axes           | 1 2 3 4 5 7 10 12 14 16 17 | 17.2
Necromancy     | 2 |  2.7
Spellcasting   | 2 |  2.4
Maces & Flails | |  2.9

Action                     |  1- 3 |  4- 6 |  7- 9 | 10-12 | 13-15 || total
---------------------------+-------+-------+-------+-------+-------++-------
  Melee: Flail             |    18 |       |       |     8 |       ||    26
         Broad axe         |    48 |    84 |   202 |   495 |   260 ||  1089
         Headbutt          |     4 |    16 |    44 |   125 |    53 ||   242
  Throw: Dart              |    15 |    59 |    23 |   129 |     7 ||   233
  Evoke: Wand              |       |       |    11 |       |       ||    11
    Use: Scroll            |       |       |    15 |    15 |     4 ||    34
         Potion            |       |       |     2 |    10 |     4 ||    16
 Armour: Scale mail        |    37 |     2 |       |       |       ||    39
         Plate armour      |       |    69 |   165 |   305 |   136 ||   675
  Dodge: Dodged            |    32 |    41 |    57 |   168 |    92 ||   390
  Block: Buckler           |    18 |    32 |    69 |   144 |    59 ||   322

Table legend: (Time is in decaauts)
 A = Elapsed time spent in this place.
 B = Non-inter-level travel time spent in this place.
 C = Inter-level travel time spent in this place.
 D = Time resting spent in this place.
 E = Time spent auto-exploring this place.
 F = Levels seen in this place.
 G = Mean time per level.
                   A        B        C        D        E       F      G
               +--------+--------+--------+--------+--------+-----+--------+
         Total |  17465 |  16341 |   1124 |    247 |  13321 |  18 |  970.3 |
       Dungeon |  13752 |  12791 |    961 |    147 |  10358 |  13 | 1057.8 |
        Temple |     73 |     52 |     21 |      0 |     46 |   1 |   73.0 |
          Lair |   2957 |   2815 |    142 |    100 |   2415 |   3 |  985.7 |
         Abyss |    682 |    682 |      0 |      0 |    501 |   1 |  682.0 |
               +--------+--------+--------+--------+--------+-----+--------+

Top non-repeatable levels by time:
  Lair:2: 1590 daAuts
    D:13: 1376 daAuts
  Lair:1: 1346 daAuts
     D:9: 1294 daAuts
     D:4: 1294 daAuts
     D:5: 1279 daAuts
    D:10: 1268 daAuts
    D:11: 1256 daAuts
     D:8: 1246 daAuts
    D:12: 1023 daAuts
     D:6: 846 daAuts
     D:1: 828 daAuts
     D:2: 797 daAuts
 Abyss:1: 682 daAuts
     D:3: 630 daAuts
